 Dungeon Crawl Stone Soup version 0.30-a0-918-g0ff054e9dc (webtiles) character file.

Game seed: 18396686578716709064

218 holysushi the Cruncher (level 5, -3/47 HPs)
             Began as a Gnoll Wanderer on Mar 21, 2023.
             Slain by a gnoll
             ... wielding a +0 halberd
              (10 damage)
             ... on level 4 of the Dungeon.
             The game lasted 00:04:21 (2769 turns).

holysushi the Cruncher (Gnoll Wanderer)             Turns: 2769, Time: 00:04:22

Health: -3/47      AC:  7    Str: 14    XL:     5   Next: 95%
Magic:  9/10       EV:  9    Int:  9    God:
Gold:   114        SH:  0    Dex: 13    Spells: 9/10 levels left

rFire   + . .      SeeInvis .    f - +2 dagger (elec)
rCold   + . .      Faith    .    (no shield)
rNeg    . . .      Spirit   .    b - +0 scale mail
rPois   +          Reflect  .    m - +0 helmet
rElec   +          Rampage  .    (no cloak)
rCorr   +                        (no gloves)
Will    .....                    (no boots) Stlth
                                 (no amulet)
HPRegen 0.27/turn                (no ring)
MPRegen 0.12/turn                (no ring)

@: mighty, resistant
A: fangs 1, strong nose, distributed training
a: no special abilities


You were on level 4 of the Dungeon.
You visited 1 branch of the dungeon, and saw 4 of its levels.

You collected 114 gold pieces.

Inventory:

Hand Weapons
 a - a +2 quarterstaff
 f - a +2 dagger of electrocution (weapon)
Armour
 b - a +0 scale mail (worn)
 m - a +0 helmet (worn)
Jewellery
 q - a ring of fire
Scrolls
 h - a scroll of poison {unknown}
 i - a scroll of identify {unknown}
 k - a scroll of teleportation {unknown}
 l - a scroll of enchant armour {unknown}
 n - 3 scrolls of magic mapping {unknown}
 r - a scroll of noise {unknown}
Potions
 c - 2 potions of attraction
 e - a potion of might
 g - 3 potions of heal wounds {unknown}
 o - 2 potions of flight {unknown}
 p - 2 potions of degeneration {unknown}
 s - a potion of haste {unknown}


   Skills:
 + Level 6.8 Fighting
 + Level 1.8 Short Blades
 + Level 1.8 Long Blades
 + Level 1.8 Axes
 + Level 1.8 Maces & Flails
 + Level 1.8 Polearms
 + Level 8.7 Staves
 + Level 1.8 Ranged Weapons
 + Level 1.8 Throwing
 + Level 3.1 Armour
 + Level 1.8 Dodging
 + Level 1.8 Stealth
 + Level 1.8 Shields
 + Level 1.8 Unarmed Combat
 + Level 3.3 Spellcasting
 + Level 1.4 Conjurations
 + Level 1.4 Hexes
 + Level 1.4 Summonings
 + Level 1.4 Necromancy
 + Level 1.4 Translocations
 + Level 2.5 Transmutations
 + Level 1.4 Fire Magic
 + Level 1.4 Ice Magic
 + Level 1.4 Air Magic
 + Level 1.4 Earth Magic
 + Level 1.4 Poison Magic
 + Level 2.0 Invocations
 + Level 1.8 Evocations


You had 9 spell levels left.
You knew the following spells:

 Your Spells              Type           Power      Damage    Failure   Level
a - Beastly Appendage     Tmut           12%        N/A       38%         1

Your spell library contained the following spells:

 Spells                   Type           Power      Damage    Failure   Level
 Ignite Poison            Fire/Tmut/Pois 4%         N/A       86%         3
 Blade Hands              Tmut           3%         N/A       100%        5
 Irradiate                Conj/Tmut      2%         3d12      100%        5
 Dragon Form              Tmut           3%         N/A       100%        7


Dungeon Overview and Level Annotations

Branches:
Dungeon (4/15) Zot: 21241
 Temple: D:4-7

Altars:
Hepliaklqana
Kikubaaqudgha
The Shining One

Shops:
D:1 *   D:2 (

Annotations:
D:4 3 runed translucent doors, domi's ghost, amateur DsCj; grumposus's ghost, novice VSBr; howech's ghost, amateur DEFE; soul19's ghost, amateur GrEE; warriortoast's ghost, weakling BaFi


Innate Abilities, Weirdness & Mutations

You have very sharp teeth.
Your uncanny sense of smell can sniff out nearby items.
Your experience applies equally to all skills.


Message History

Aim: Edmund, wielding a +1 dire flail of holy wrath and wearing a +3 chain mail of poison resistance (chance to affect: 51%) Edmund resists with significant effort.
Aiming: Charm
Press: ? - help, Shift-Dir - straight line, p - Edmund Nothing appears to happen.
Aiming: Charm
Press: ? - help, Shift-Dir - straight line Nothing appears to happen.
The now-empty wand crumbles to dust.
You aren't carrying any items that you can evoke.
Unknown command.
Okay, then.
It was a potion of resistance.
You feel protected. Edmund closely misses you.
It was a potion of might.
You feel very mighty all of a sudden.
Edmund hits you with a +1 dire flail of holy wrath!
The gnoll barely misses you.
You hit Edmund but do no damage. Lightning courses through Edmund!
Edmund is moderately wounded.
Edmund hits you with a +1 dire flail of holy wrath!
The gnoll hits you from afar with a +0 spear.
You puncture Edmund! Lightning courses through Edmund!!
Edmund is almost dead.
You barely miss Edmund.
Edmund is almost dead.
The gnoll barely misses you.
Edmund hits you with a +1 dire flail of holy wrath!
* * * LOW HITPOINT WARNING * * *
You hit Edmund. Lightning courses through Edmund!
You kill Edmund!
The gnoll barely misses you.
Your Armour skill increases to level 3!
Your Invocations skill increases to level 2!
You have reached level 5!
The gnoll shouts!
The gnoll closely misses you. The gnoll closely misses you.
The gnoll hits you from afar with a +0 halberd!
You die...

. .#.#.#.#.#.....#.......#
#.#.#.#.#.....#.......#
#...#...#......#.......#
#...#...#####.##.###.###+##
###
#...#...#..#####.#######...
##..
..#.#.#.#....#.....+..#.....
#..
...#.#.#.##g..#.....#..+.....
.# ...
#.#.#.##...#.....#..#..... .#
.. .#...##g.@.#.....)........
.# ... #....#.............†
..# .. ##..###.####+++#####
.## .# #...###.#[WWW.....##
#.# ∆ #......(#8..W....8#.
..# ##......#$.!.....?#. .#
#.......#!.......$#. #
#.......##8.....8##.
##...##..##}$8$[####


You could see 2 gnolls.

Vanquished Creatures
  Edmund (D:4)
  2 adders
  2 gnolls
  A worm (D:4)
  2 dart slugs
  5 orcs (D:4)
  5 endoplasms
  2 giant cockroaches
  6 goblins
  5 hobgoblins
  A quokka (D:3)
  A ball python (D:1)
  3 bats
  15 frilled lizards
  4 kobolds (D:1)
  10 rats
65 creatures vanquished.

Notes
Turn   | Place    | Note
-------+----------+-------------------------------------------
     0 | D:1      | holysushi the Gnoll Wanderer began the quest for the Orb.
     0 | D:1      | holysushi set off with the following items: a +2
                  | quarterstaff, a +0 scale mail, a potion of attraction; and
                  | the following spell memorised: Beastly Appendage; and the
                  | following spells available to memorise: Ignite Poison.
     0 | D:1      | Reached XP level 1. HP: 23/23 MP: 4/4
   109 | D:1      | Reached XP level 2. HP: 29/29 MP: 5/5
   301 | D:1      | Found Vuju's Assorted Antiques.
   425 | D:1      | Reached XP level 3. HP: 25/35 MP: 7/7
   511 | D:1      | Reached skill level 1 in Invocations
   940 | D:2      | Found Wosijyi's Weapon Boutique.
   976 | D:2      | Reached skill level 1 in Short Blades
   976 | D:2      | Reached skill level 1 in Long Blades
   976 | D:2      | Reached skill level 1 in Axes
   976 | D:2      | Reached skill level 1 in Maces & Flails
   976 | D:2      | Reached skill level 1 in Polearms
   976 | D:2      | Reached skill level 1 in Ranged Weapons
   976 | D:2      | Reached skill level 1 in Throwing
   976 | D:2      | Reached skill level 1 in Dodging
   976 | D:2      | Reached skill level 1 in Stealth
   976 | D:2      | Reached skill level 1 in Shields
   976 | D:2      | Reached skill level 1 in Unarmed Combat
   976 | D:2      | Reached skill level 1 in Evocations
  1138 | D:2      | Reached XP level 4. HP: 39/41 MP: 8/8
  1341 | D:2      | Found a hazy altar of Hepliaklqana.
  1881 | D:3      | Found a glowing golden altar of the Shining One.
  1881 | D:3      | Found an ancient bone altar of Kikubaaqudgha.
  2461 | D:3      | Reached skill level 1 in Conjurations
  2461 | D:3      | Reached skill level 1 in Hexes
  2461 | D:3      | Reached skill level 1 in Summonings
  2461 | D:3      | Reached skill level 1 in Necromancy
  2461 | D:3      | Reached skill level 1 in Translocations
  2461 | D:3      | Reached skill level 1 in Fire Magic
  2461 | D:3      | Reached skill level 1 in Ice Magic
  2461 | D:3      | Reached skill level 1 in Air Magic
  2461 | D:3      | Reached skill level 1 in Earth Magic
  2461 | D:3      | Reached skill level 1 in Poison Magic
  2551 | D:4      | Found a runed translucent gate.
  2552 | D:4      | Found a runed translucent gate.
  2558 | D:4      | Found a runed translucent gate.
  2559 | D:4      | Noticed domi's ghost (amateur DsCj)
  2559 | D:4      | Noticed grumposus's ghost (novice VSBr)
  2560 | D:4      | Noticed warriortoast's ghost (weakling BaFi)
  2560 | D:4      | Noticed howech's ghost (amateur DEFE)
  2560 | D:4      | Noticed soul19's ghost (amateur GrEE)
  2727 | D:4      | Noticed Edmund
  2758 | D:4      | Killed Edmund
  2759 | D:4      | Reached XP level 5. HP: 4/47 MP: 8/10
  2769 | D:4      | Slain by a gnoll

Illustrated notes

Levels and vault maps discovered:
D:1:      wander_arrival_abandoned_jail, layout_basic, serial_shops,
          nicolae_shop_hallway_plus, minmay_tree_intersection,
          minmay_lizard_pond
D:2:      layout_loops_ring, basic_altar, serial_shops,
          nicolae_shop_hallway_plus
D:3:      layout_basic, gammafunk_temple_overflow_pools, chequers_avenue,
          chequers_serial_rivers_micro_d
D:4:      nicolae_BIG_FREAKIN_CUBE, layout_gridville,
          mainiacjoe_overflow_concentric_impassable, gammafunk_ghost_cemetery,
          dreamdust_princess_corridor, kennysheep_diamond,
          hangedman_abyss_or_decor_stabs, uniq_edmund

Skill      XL: |  1  2  3  4 |
---------------+-------------+-----
Transmutations | 2 |  2.5
Invocations    | 1 2 |  2.0
Short Blades   | 1 |  1.8
Long Blades    | 1 |  1.8
Axes           | 1 |  1.8
Maces & Flails | 1 |  1.8
Polearms       | 1 |  1.8
Ranged Weapons | 1 |  1.8
Throwing       | 1 |  1.8
Dodging        | 1 |  1.8
Stealth        | 1 |  1.8
Shields        | 1 |  1.8
Unarmed Combat | 1 |  1.8
Evocations     | 1 |  1.8
Spellcasting   | 3 |  3.3
Conjurations   | 1 |  1.4
Hexes          | 1 |  1.4
Summonings     | 1 |  1.4
Necromancy     | 1 |  1.4
Translocations | 1 |  1.4
Fire Magic     | 1 |  1.4
Ice Magic      | 1 |  1.4
Air Magic      | 1 |  1.4
Earth Magic    | 1 |  1.4
Poison Magic   | 1 |  1.4
Armour         | 3 |  3.1
Fighting       | |  6.8
Staves         | |  8.7

Action                     |  1- 3 |  4- 6 || total
---------------------------+-------+-------++-------
  Melee: Quarterstaff      |    40 |       ||    40
         Bite              |     8 |     6 ||    14
         Dagger            |    74 |    68 ||   142
  Evoke: Wand              |       |     3 ||     3
    Use: Potion            |       |     2 ||     2
 Armour: Scale mail        |    56 |    22 ||    78
  Dodge: Dodged            |    46 |    39 ||    85

Table legend: (Time is in decaauts)
 A = Elapsed time spent in this place.
 B = Non-inter-level travel time spent in this place.
 C = Inter-level travel time spent in this place.
 D = Time resting spent in this place.
 E = Time spent auto-exploring this place.
 F = Levels seen in this place.
 G = Mean time per level.
                   A        B        C        D        E       F      G
               +--------+--------+--------+--------+--------+-----+--------+
         Total |   2757 |   2688 |     69 |    188 |   1807 |   4 |  689.2 |
       Dungeon |   2757 |   2688 |     69 |    188 |   1807 |   4 |  689.2 |
               +--------+--------+--------+--------+--------+-----+--------+

Top non-repeatable levels by time:
     D:3: 1059 daAuts
     D:1: 827 daAuts
     D:2: 641 daAuts
     D:4: 228 daAuts
